 Dungeon Sprint DCSS version 0.30-a0-534-gdc55766716 (webtiles) character file.

Game seed: 13303878908328990830

107 rocky1 the Covered (level 4, -17/45 HPs)
             Began as a Minotaur Fighter on Dec 25, 2022.
             Demolished by a water elemental (19 damage)
             ... in the Dungeon (Sprint III: "The Ten Rune Challenge").
             The game lasted 00:00:31 (309 turns).

rocky1 the Covered (Minotaur Fighter)                Turns: 309, Time: 00:00:32

Health: -17/45     AC:  7    Str: 20    XL:     4   Next: 57%
Magic:  3/3        EV:  9    Int:  5    God:
Gold:   37         SH:  5    Dex: 12    Spells: 3/3 levels left

rFire   . . .      SeeInvis .    a - +0 flail
rCold   . . .      Faith    .    c - +0 buckler
rNeg    . . .      Spirit   .    b - +0 scale mail
rPois   .          Reflect  .    (helmet restricted)
rElec   .          Harm     .    (no cloak)
rCorr   .          Rampage  .    (no gloves)
Will    .....      NoTele   +    (no boots) Stlth
                                 (no amulet)
HPRegen 0.27/turn                (no ring)
MPRegen 0.08/turn                (no ring)

@: engulfed (cannot breathe)
A: horns 2, retaliatory headbutt
a: no special abilities


You were in the Dungeon.
You visited 1 branch You collected 37 gold pieces.

Inventory:

Hand Weapons
 a - a +0 flail (weapon)
Armour
 b - a +0 scale mail (worn)
 c - a +0 buckler (worn)
Scrolls
 j - a scroll of blinking
 l - 2 scrolls of immolation {unknown}
 m - 3 scrolls of identify
Potions
 d - a potion of might
 e - a potion of curing
 f - a potion of heal wounds
 g - a potion of haste
 h - 3 potions of magic
 i - a potion of berserk rage
 k - 5 potions of mutation {unknown}
 n - a potion of flight {unknown}


   Skills:
 + Level 6.8 Fighting
 + Level 4.9 Maces & Flails
 + Level 7.1 Armour
 + Level 0.5 Dodging
 + Level 6.4 Shields


You had 3 spell levels left.
You didn't know any spells.
Your spell library was empty.

Dungeon Overview and Level Annotations

Branches:
Dungeon (1/1)

Altars:


Innate Abilities, Weirdness & Mutations

You have a pair of horns on your head.
You reflexively headbutt those who attack you in melee.


Message History

h - 3 potions of magic (gained 1)
k - 4 metallic emerald potions (gained 1)
l - 2 scrolls labelled KOUGGI ZOQUFO (gained 1)
m - 3 scrolls of identify (gained 2)
k - 5 metallic emerald potions (gained 1)
n - a silvery potion You now have 37 gold pieces (gained 4).
There is an open door here.
You open the door.
A water elemental comes into view.
You hit the water elemental.
Your headbutt misses the water elemental.
The water elemental is lightly damaged.
The water elemental barely misses you. You furiously retaliate!
You headbutt the water elemental.
You hit the water elemental but do no damage.
The water elemental is moderately damaged.
You block the water elemental's attack.
You sock the water elemental!
You headbutt the water elemental, but do no damage.
The water elemental is severely damaged.
The water elemental hits you.
The water elemental engulfs you in water!
The water elemental hits you.
You barely miss the water elemental.
The water elemental is severely damaged.
Your lungs strain for air!
You block the water elemental's attack.
You hit the water elemental.
The water elemental is almost destroyed.
Your lungs strain for air!
The water elemental hits you!
* * * LOW HITPOINT WARNING * * *
You hit the water elemental but do no damage.
You headbutt the water elemental.
The water elemental is almost destroyed.
* * * LOW HITPOINT WARNING * * *
Your lungs strain for air!
The water elemental hits you!!
You die...

▓▓▓▓▓▓▓▓▓▓▓ ▓▓▓
<.#..'....♣ ♣.#
..#..#....♣ ♣.#
#'####....♣♣♣ ♣.#
..†..#....~.♣♣♣♣.# #+#+#
.....#.†.~~♣..♣..#......
.....#..~~~~.♣♣.@E.⌠....
####'#..~≈≈~~~♣..#...###
..†.)#.~~≈~~~....# ⌠.#
.....#.~≈~~~.....# .#
.....#.~~~.......# #
'#####...........#
.................#
▓▓▓▓▓▓▓▓▓▓▓▓▓▓▓▓▓▓


You could see a water elemental.

Vanquished Creatures
  A scorpion (D)
  Jessica (D)
  A human (D)
  An endoplasm (D)
  2 rats (D)
6 creatures vanquished.

Notes
Turn   | Place    | Note
-------+----------+-------------------------------------------
     0 | D        | rocky1 the Minotaur Fighter began the quest for the Orb.
     0 | D        | Reached XP level 1. HP: 19/19 MP: 0/0
     5 | D        | Reached skill level 4 in Armour
    10 | D        | Noticed Jessica
    12 | D        | Killed Jessica
    13 | D        | Reached skill level 5 in Fighting
    13 | D        | Reached skill level 5 in Armour
    13 | D        | Reached skill level 5 in Shields
    13 | D        | Reached XP level 2. HP: 29/29 MP: 1/1
    16 | D        | Reached XP level 3. HP: 31/36 MP: 2/2
   149 | D        | Noticed a scorpion
   157 | D        | Killed a scorpion
   158 | D        | Reached skill level 7 in Armour
   158 | D        | Reached XP level 4. HP: 17/45 MP: 3/3
   302 | D        | Noticed a water elemental
   309 | D        | HP: 1/45 [drowned by a water elemental (8)]
   309 | D        | Demolished by a water elemental

Illustrated notes

Levels and vault maps discovered:
D:        dungeon_sprint_mu [sprint_mu_entry_forest, sprint_mu_temple_rooms,
          sprint_mu_d1_horrors, sprint_mu_d2_genie, sprint_mu_d3_branching,
          sprint_mu_orc_legion, sprint_mu_elf_gauntlet, sprint_mu_hive_nellie,
          sprint_mu_lair_fedhas, sprint_mu_vaults_butterflies,
          sprint_mu_slime_circle, sprint_mu_swamp_cave, sprint_mu_shoals_kraken,
          sprint_mu_blade_basic, sprint_mu_crypt_chambers,
          sprint_mu_tomb_spiral, sprint_mu_vestibule_basic,
          sprint_mu_gehenna_hellfire, sprint_mu_dis_giant,
          sprint_mu_tartarus_statrot, sprint_mu_cocytus_islands, sprint_mu_zot1]

Skill      XL: |  1  2  3 |
---------------+----------+-----
Fighting       | 5 6 |  6.8
Armour         | 5 7 |  7.1
Shields        | 5 6 |  6.4
Maces & Flails | 3 4 |  4.9
Dodging        | |  0.5

Action                   |  1- 3 |  4- 6 || total
-------------------------+-------+-------++-------
Melee: Flail             |    21 |     6 ||    27
       Headbutt          |     5 |     2 ||     7
Armor: Scale mail        |     3 |     1 ||     4
Dodge: Dodged            |    10 |     1 ||    11
Block: Buckler           |     2 |     2 ||     4

Table legend: (Time is in decaauts)
 A = Elapsed time spent in this place.
 B = Non-inter-level travel time spent in this place.
 C = Inter-level travel time spent in this place.
 D = Time resting spent in this place.
 E = Time spent auto-exploring this place.
 F = Levels seen in this place.
 G = Mean time per level.
                   A        B        C        D        E       F      G
               +--------+--------+--------+--------+--------+-----+--------+
         Total |    315 |    315 |      0 |    178 |     39 |   1 |  315.0 |
       Dungeon |    315 |    315 |      0 |    178 |     39 |   1 |  315.0 |
               +--------+--------+--------+--------+--------+-----+--------+

Top non-repeatable levels by time:
       D: 315 daAuts
